 Dungeon Crawl Stone Soup version 0.31-a0-431-g88bdf31460 (webtiles) character file.

Game seed: 1264604660619539574

437 LeprechaunX the Ruffian (level 7, -6/69 HPs)
             Began as an Octopode Shapeshifter on July 31, 2023.
             Mangled by a gnoll
             ... wielding a +0 halberd
              (7 damage)
             ... on level 4 of the Dungeon.
             The game lasted 00:04:07 (2923 turns).

LeprechaunX the Ruffian (Octopode Shapeshifter)     Turns: 2923, Time: 00:04:08

Health: -6/69      AC: 23    Str: 16    XL:     7   Next: 1%
Magic:  7/7        EV:  2    Int: 10    God:
Gold:   134        SH:  0    Dex: 13    Spells: 6/6 levels left

rFire   . .          .
                       - Unarmed
rCold   . . .        (no shield)
rNeg    + . .        (helmet currently unavailable)
rPois   +            (no amulet)
rElec   .            p - ring of positive energy
rCorr   .            (no ring)
SInv    .            (no ring)
Will    .....        (no ring)
Stlth   +            (no ring)
HPRegen 0.31/turn    (no ring)
MPRegen 0.10/turn    (no ring)
                     (no ring)

%: no passive effects
@: tree-form, invisible
A: stationary, stasis, torment immunity, boosted hp, almost no armour,
(amphibious), 8 rings, (camouflage 1), (gelatinous body 1), (nimble swimmer 1),
(tentacles)
a: no special abilities


You were on level 4 of the Dungeon.
You were a tree.
You visited 1 branch of the dungeon, and saw 4 of its levels.

You collected 134 gold pieces.

Inventory:

Missiles
 a - a throwing net
Jewellery
 p - a ring of positive energy (left branch)
 q - a ring of wizardry
Talismans
 b - a beast talisman
Scrolls
 e - 2 scrolls of teleportation {unknown}
 g - 2 scrolls of identify {unknown}
 n - a scroll of summoning {unknown}
 o - a scroll of enchant weapon {unknown}
Potions
 c - 2 potions of enlightenment {unknown}
 d - 2 potions of invisibility
 f - a potion of heal wounds {unknown}
 h - a potion of haste {unknown}
 i - 2 potions of attraction {unknown}
 j - 2 potions of degeneration {unknown}
 k - a potion of might {unknown}
 l - a potion of curing {unknown}


   Skills:
 + Level 3.1 Fighting
 + Level 3.6 Dodging
 * Level 5.3 Unarmed Combat
 + Level 4.0 Shapeshifting


You had 6 spell levels left.
You didn't know any spells.
Your spell library contained the following spells:

 Spells                   Type           Power      Damage    Failure   Level
 Summon Ice Beast         Ice/Summ       0%         N/A       98%         4
 Summon Mana Viper        Hex/Summ       0%         N/A       100%        5
 Monstrous Menagerie      Summ           0%         N/A       100%        7


Dungeon Overview and Level Annotations

Branches:
Dungeon (4/15)
 Temple: D:4-7

Altars:

Shops:
D:1 =   D:2 *


Innate Abilities, Weirdness & Mutations

You are a tree.
Your roots penetrate the ground, keeping you stationary.
You cannot be teleported.
You are immune to unholy pain and torment.
Your maximum health is greatly increased.
You cannot wear most types of armour.
((You are amphibious.))
You can wear up to eight rings at the same time.
((Your skin changes colour to match your surroundings (Stealth+).))
((Your rubbery body absorbs attacks. (AC +1, EV +1)))
((You are camouflaged when in or above water. (Stealth+)))
((You have tentacles for arms and can constrict up to eight enemies at once.))


Message History

You smack the gnoll!
You kill the gnoll!
You have reached level 7!
Throw: 2 javelins
Press: ? - help, Q - select action Shift-Dir - straight line, f - gnoll
Aim: a gnoll, wielding a +0 halberd (58% to hit)
You throw a javelin. The javelin pierces through the gnoll!
The gnoll is severely wounded.
The gnoll hits you but does no damage.
The gnoll hits you from afar with a +0 halberd.
* * * LOW HITPOINT WARNING * * *
The gnoll hits you but does no damage. x2
Throw: javelin
Press: ? - help, Q - select action Shift-Dir - straight line, f/p - gnoll
Aim: a gnoll, wielding a +0 halberd (severely wounded, 58% to hit)
You throw a javelin. The javelin closely misses the gnoll.
The gnoll hits you from afar with a +1 vampiric spear.
* * * LOW HITPOINT WARNING * * *
The gnoll hits you but does no damage.
a - a throwing net The gnoll hits you from afar with a +1 vampiric spear.
* * * LOW HITPOINT WARNING * * *
The gnoll hits you but does no damage.
It was a potion of invisibility.
You fade into invisibility!
The gnoll barely misses you. The gnoll hits you but does no damage.
The gnoll hits you from afar with a +1 vampiric spear.
* * * LOW HITPOINT WARNING * * *
The gnoll hits you but does no damage. The gnoll hits you but does no damage.
The gnoll barely misses you. The gnoll hits you but does no damage.
The gnoll hits you from afar with a +0 halberd.
* * * LOW HITPOINT WARNING * * *
Unknown command.
The gnoll hits you from afar with a +1 vampiric spear.
* * * LOW HITPOINT WARNING * * *
The gnoll barely misses you. The gnoll hits you but does no damage.
The gnoll hits you from afar with a +0 halberd!
You die...

##### .... #..# ##### #
+.P# +...+ ####. #..#
#...# #
...<..####..####)).####.#
......g)♣......#'###....#
......g))...............#
.....##+#+##............#
###. #'###.P####... #
#)).#..#.†# .#
#...#.P#..#
..#####.P#'##..#
................ ..
####.##.#####...


You could see 2 gnolls.

Vanquished Creatures
  Sigmund (D:2)
  Jessica (D:3)
  Natasha (thrice) (D:2)
  Robin (D:2)
  3 gnolls (D:4)
  5 adders
  2 worms
  3 dart slugs
  6 orcs
  3 ball pythons
  7 bats
  3 endoplasms
  2 giant cockroaches (D:1)
  15 goblins
  10 hobgoblins
  3 jackals (D:1)
  8 kobolds
  2 quokkas
  4 frilled lizards
  7 rats
89 creatures vanquished.

Notes
Turn   | Place    | Note
-------+----------+-------------------------------------------
     0 | D:1      | LeprechaunX the Octopode Shapeshifter began the quest for
                  | the Orb.
     0 | D:1      | Reached XP level 1. HP: 13/13 MP: 1/1
   162 | D:1      | Reached XP level 2. HP: 18/18 MP: 2/2
   366 | D:1      | Found Zetea's Jewellery Shop.
   489 | D:1      | Reached XP level 3. HP: 22/23 MP: 3/3
   792 | D:1      | Found a faded altar of an unknown god.
  1052 | D:2      | Reached XP level 4. HP: 11/29 MP: 4/4
  1163 | D:2      | Found Tiesit's General Store.
  1250 | D:2      | Noticed Robin
  1378 | D:2      | Noticed Natasha
  1386 | D:2      | Killed Natasha
  1387 | D:2      | Reached skill level 4 in Unarmed Combat
  1544 | D:2      | Noticed Sigmund
  1582 | D:2      | Killed Sigmund
  1583 | D:2      | Reached XP level 5. HP: 28/35 MP: 5/5
  1583 | D:2      | Reached XP level 6. HP: 33/41 MP: 6/6
  1718 | D:2      | Noticed Natasha
  1724 | D:2      | Killed Natasha
  1941 | D:2      | Noticed Natasha
  1946 | D:2      | Killed Natasha
  1948 | D:2      | Killed Robin
  1949 | D:2      | Reached skill level 5 in Unarmed Combat
  2227 | D:3      | Noticed Jessica
  2231 | D:3      | Killed Jessica
  2915 | D:4      | Reached XP level 7. HP: 9/46 MP: 7/7
  2921 | D:4      | HP: 1/69 [gnoll/+0 halberd (3)]
  2923 | D:4      | Mangled by a gnoll

Illustrated notes

Levels and vault maps discovered:
D:1:      psy_arrival_conway, layout_loops_cross,
          hellmonk_ecumenical_altar_prayer_group, serial_shops,
          nicolae_shop_advertising_works [nicolae_subvault_shop_adworks],
          corexii_leaking_fountain
D:2:      layout_loops_ring, serial_shops, nicolae_shop_trees,
          grunt_ministairs_1, kennysheep_big_empty_room, uniq_robin,
          uniq_natasha, uniq_sigmund
D:3:      layout_basic, hangedman_feature_mirror, uniq_jessica
D:4:      corexii_shack_village, layout_basic, minmay_temple_entry_grid,
          cheibrodos_sewer_entry_sluice

Skill      XL: |  1  2  3  4  5  6 |
---------------+-------------------+-----
Fighting       | 2 3 |  3.1
Unarmed Combat | 4 5 |  5.3
Dodging        | 3 |  3.6
Shapeshifting  | 4 |  4.0

Action                     |  1- 3 |  4- 6 |  7- 9 || total
---------------------------+-------+-------+-------++-------
  Melee: Unarmed           |    59 |   112 |       ||   171
         Constrict         |    14 |    28 |       ||    42
         Tentacles         |    11 |    18 |       ||    29
         Punch             |     1 |     3 |       ||     4
  Throw: Javelin           |       |       |     2 ||     2
    Use: Potion            |       |     1 |     1 ||     2
   Stab: Sleeping          |     6 |     7 |       ||    13
 Armour: Skin              |     9 |    22 |    10 ||    41
  Dodge: Dodged            |    37 |    71 |     3 ||   111

Table legend: (Time is in decaauts)
 A = Elapsed time spent in this place.
 B = Non-inter-level travel time spent in this place.
 C = Inter-level travel time spent in this place.
 D = Time resting spent in this place.
 E = Time spent auto-exploring this place.
 F = Levels seen in this place.
 G = Mean time per level.
                   A        B        C        D        E       F      G
               +--------+--------+--------+--------+--------+-----+--------+
         Total |   2909 |   2790 |    119 |      0 |   2274 |   4 |  727.2 |
       Dungeon |   2909 |   2790 |    119 |      0 |   2274 |   4 |  727.2 |
               +--------+--------+--------+--------+--------+-----+--------+

Top non-repeatable levels by time:
     D:2: 1023 daAuts
     D:1: 928 daAuts
     D:3: 814 daAuts
     D:4: 143 daAuts
